 Dungeon Crawl Stone Soup version 0.15-a0-1154-gddcb950 (webtiles) character file.

28 Amnesiac the Cudgeler (level 3, -1/31 HPs)
             Began as an Ogre Enchanter on May 30, 2014.
             Slain by a worker ant (7 damage)
             ... on Level 4 of the Dungeon.
             The game lasted 00:03:09 (1318 turns).

Amnesiac the Cudgeler (Ogre Enchanter)              Turns: 1318, Time: 00:03:09

HP  -1/31        AC  4     Str 13      XL: 3   Next: 14%
MP   1/6         EV 10     Int 15      God:
Gold 48          SH  0     Dex 10      Spells:  3 memorised,  0 levels left

rFire  . . .     SeeInvis .     a - +1 club
rCold  . . .     Clarity  .     b - +1 robe
rNeg   . . .     rCorr    .     (shield restricted)
rPois  .         rRot     .     (helmet restricted)
rElec  .         Spirit   .     (no cloak)
SustAb .         Warding  .     (gloves unavailable)
rMut   .         Stasis   .     (boots unavailable)
Gourm  .                        (no amulet)
MR     .....                    (no ring)
                                (no ring)

@: lethally poisoned, invisible, not resistant to hostile enchantments, very
unstealthy
A: unfitting armour, tough skin 1
a: no special abilities


You were on level 4 of the Dungeon.
You were hungry.

You visited 1 branch of the dungeon, and saw 4 of its levels.

You collected 48 gold pieces.

Inventory:

Hand weapons
 a - a +1,+1 club (weapon)
 q - a +0,+0 mace
Missiles
 d - 12 darts (quivered)
Armour
 b - a +1 robe (worn)
Comestibles
 f - a meat ration
 h - a bread ration
 m - a slice of pizza
 o - a rotting chunk of quokka flesh
Scrolls
 l - 2 scrolls of remove curse {unknown}
Potions
 g - a potion of curing {unknown}
 i - a potion of lignification {unknown}
 j - a potion of beneficial mutation {unknown}
 k - a potion of agility {unknown}
 n - a potion of heal wounds
 p - a potion of cure mutation {unknown}
Books
 c - a book of Maledictions

   Spells                             Type                      Level
   *Corona                            Hexes                        1
   Sure Blade                         Hexes/Charms                 2
   Ensorcelled Hibernation            Hexes/Ice                    2
   *Confuse                           Hexes                        3
   *Dazzling Spray                    Conjuration/Hexes            3
   Enslavement                        Hexes                        4


   Skills:
 - Level 3.0 Maces & Flails
 - Level 1.1 Throwing
 - Level 1.7 Dodging
 - Level 1.5 Stealth
 - Level 2.5 Spellcasting
 + Level 2.5 Hexes


You couldn't memorise any spells.
You knew the following spells:

 Your Spells              Type           Power        Failure   Level  Hunger
a - Corona                Hex            #......      10%         1    #......
e - Dazzling Spray        Conj/Hex       #.......     43%         3    ####...
f - Confuse               Hex            #.......     24%         3    ####...


Dungeon Overview and Level Annotations

Branches:
Dungeon (4/15)
 Temple: D:4-7

Altars:
Fedhas
Okawaru


Innate Abilities, Weirdness & Mutations

You are too large for most types of armour.
You have tough skin (AC +1).


Message History

Casting: Confuse
Confirm with . or Enter, or press ? or * to list all spells.
Aiming: Confuse
Press: ? - help, Shift-Dir - straight line, f/p - worker ant
Aim: a worker ant (lightly wounded)
The worker ant resists.
The worker ant bites you.
You are poisoned.
The worker ant poisons you!
You barely miss the worker ant.
The worker ant is lightly wounded.
You feel sick. The worker ant bites you.
You hit the worker ant but do no damage.
The worker ant is lightly wounded.
You feel sick. The worker ant bites you. The worker ant barely misses you.
Drink which item? (? for menu, Esc to quit)
You fade into invisibility!
It was a potion of invisibility.
* * * LOW HITPOINT WARNING * * *
You feel sick. The worker ant bites you!
You die...

.....
..........
............
.............
.............
#...........
###..........
#.............
#a@..<........
#.............
####.........
##........
.........
....#### .....
....... ...


You could see a worker ant.

Vanquished Creatures
  An adder (D:3)
  A giant gecko (D:1)
  A giant cockroach (D:2)
  5 hobgoblins
  3 kobolds (D:1)
  A quokka (D:3)
  A bat (D:2)
  A goblin (D:1)
  3 rats
17 creatures vanquished.

Vanquished Creatures (others)
  4 toadstools (D:1)
4 creatures vanquished.

Grand Total: 21 creatures vanquished

Notes
Turn   | Place    | Note
--------------------------------------------------------------
     0 | D:1      | Amnesiac, the Ogre Enchanter, began the quest for the Orb.
     0 | D:1      | Reached XP level 1. HP: 16/16 MP: 3/3
   599 | D:1      | Reached XP level 2. HP: 13/24 MP: 3/5
   839 | D:2      | Reached skill level 3 in Maces & Flails
   864 | D:2      | Found a blossoming altar of Fedhas.
  1069 | D:3      | Found an iron altar of Okawaru.
  1090 | D:3      | Reached XP level 3. HP: 23/31 MP: 2/6
  1277 | D:3      | Learned a level 3 spell: Dazzling Spray
  1281 | D:3      | Learned a level 3 spell: Confuse
  1318 | D:4      | Slain by a worker ant

Action                   || total
-------------------------++-------
Melee: Club              ||    84
 Cast: Corona            ||    13
       Confuse           ||     2
  Use: Potion            ||     2
